Match 42241103
Unlisted

Match 42241103
End
Construct Barracks
Selects Heavy Weapons
Riflemen Squad
Riflemen Squad
M1 Mortar Team
Riflemen Squad
Air Support Center
Construct Medical Station
P-47 Strafing Run
M1918 Browning Automatic Rifles
Construct Motor Pool
P-47 Strafing Run
Grenade Package
Selects Assault Carriers
Selects Exchangeable Parts
M8 Greyhound Armored Car
Grasshopper Recon Run
P-47 Strafing Run
Riflemen Squad
homig
Alvarez
kerem
sunsetistaken
****Michael WITTMANN to62_FR****
ZeZwott
Just_lycannnnnnnnnnnnnnnnnnnnnnn
ZZZ
0
0

Comments sign in to comment!

No comments posted yet!